AoeStats
← AriseFairTurtle

Pilgrims

509794858Analyzed
3v3 RM · 5d ago on Sep 28, 2026· 31m 25s· 6 players
Game mode
Random Map
Map size
Normal (6 player)
Population
200
Speed
Normal
Resources
Standard
Victory
Conquest
Starting age
Dark Age
Ending age
Imperial Age
RankedLock teamsTeams togetherTeam positionsShared explorationLock speedFull tech treeHidden civsTurbo modeCheats
Victory
Defeat
🇦🇷 Japanese · Argentina
910
+13
🇨🇱 Sicilians · Chile
785
+18
🇦🇷 Spanish · Argentina
738
+22
🇺🇸 Italians · United States
857
-27
🇺🇸 Maya · United States
848
-49
🇺🇸 Celts · United States
779
-38
JEFRYY
6:43 Loom
12:07 Feudal Age
16:53 Castle Age
19:34 Fletching
20:58 Squires
21:07 Gold Mining
22:04 Medium Warships
23:02 Gambesons
23:03 Arson
25:05 Scale Mail Armor
29:36 Forging
29:41 Chain Mail Armor
Chispita
24:29 Feudal Age
25:56 Wheelbarrow
25:06 Horse Collar
25:16 Double-Bit Axe
27:35 Forging
29:19 Fishing Lines
30:19 Scale Mail Armor
30:29 Arson
30:06 Man-at-Arms
33:59 Castle Age
Keep.It.Real
11:00 Loom
14:11 Feudal Age
15:12 Gold Mining
15:08 Double-Bit Axe
16:02 Wheelbarrow
15:08 Horse Collar
24:51 Town Watch
PedroTheGreat46
11:21 Feudal Age
15:18 Castle Age
13:23 Horse Collar
13:38 Fishing Lines
13:49 Double-Bit Axe
14:20 Gold Mining
16:15 Bow Saw
17:43 Man-at-Arms
18:28 Squires
18:41 Forging
18:33 Fletching
20:02 Stone Mining
21:28 Man-at-Arms
22:21 Forging
22:59 Long Swordsman
24:27 Scale Mail Armor
25:03 Iron Casting
thernh
8:15 Loom
10:32 Feudal Age
13:21 Fishing Lines
14:38 Wheelbarrow
14:32 Double-Bit Axe
21:12 Castle Age
AriseFairTurtle
16:09 Feudal Age
22:26 Wheelbarrow
22:38 Padded Archer Armor
22:29 Fletching
Connection lost

Rejoining the realm…

Still unreachable

The connection could not be restored.

Session expired

The server has moved on; the page needs a fresh start.